 Dungeon Crawl Stone Soup version 0.16-a0-1167-g3157814 (webtiles) character file.

10 Kashira the Chopper (level 2, 0/24 HPs)
             Began as a Vine Stalker Berserker on Oct 9, 2014.
             Was a Follower of Trog.
             Succumbed to a scorpion's poison
             ... on level 1 of the Dungeon.
             The game lasted 00:01:01 (790 turns).

Kashira the Chopper (Vine Stalker Berserker)         Turns: 790, Time: 00:01:01

Health: 0/24       AC:  4    Str: 24    XL:     2   Next: 20%
Magic:  3/3        EV: 12    Int:  7    God:    Trog [*.....]
Gold:   63         SH:  0    Dex: 13    Spells: 0 memorised, 1 level left

rFire  . . .     SeeInvis .     a - +0 hand axe
rCold  . . .     Clarity  .     b - +0 animal skin
rNeg   . . .     SustAb   .     (no shield)
rPois  .         Gourm    .     (no helmet)
rElec  .         Spirit   +     j - +1 cloak
rCorr  .         Warding  .     (no gloves)
rMut   .         Stasis   .     (no boots)
MR     .....                    (no amulet)
Stlth  ..........               (no ring)
                                (no ring)

@: berserking, lethally poisoned, very quick, not resistant to hostile
enchantments, extremely unstealthy
A: fangs 2, regeneration 1, magic shield, antimagic bite, no device heal 3, rot
immunity
a: Burn Spellbooks, Berserk, Renounce Religion


You were on level 1 of the Dungeon.
You worshipped Trog.
Trog was aware of your devotion.
You were not hungry.

You visited 1 branch of the dungeon, and saw 1 of its levels.

You collected 63 gold pieces.

Inventory:

Hand weapons
 a - a +0 hand axe (weapon)
Armour
 b - a +0 animal skin (worn)
 j - a +1 cloak (worn)
Comestibles
 c - 2 bread rations
 d - 2 fruits
 l - a meat ration
Scrolls
 e - 3 scrolls of teleportation {unknown}
 h - a scroll of blinking {unknown}
 i - 2 scrolls of identify {unknown}
Jewellery
 m - an uncursed ring of positive energy {unknown}
Potions
 f - a potion of lignification {unknown}
 g - a potion of curing {unknown}
 k - a potion of mutation {unknown}


   Skills:
 + Level 2.9 Fighting
 * Level 3.1 Axes
 + Level 1.6 Armour
 + Level 1.5 Dodging


You had one spell level left.
You didn't know any spells.

Dungeon Overview and Level Annotations

Branches:
Dungeon (1/15)

Altars:


Innate Abilities, Weirdness & Mutations

You have extremely sharp teeth.
Your natural rate of healing is unusually fast.
When hurt, damage is shared between your health and your magic reserves.
Your bite disrupts and absorbs the magic of your enemies.
Potions and wands cannot restore your health.
You are immune to rotting.


Message History

The scorpion is moderately wounded.
The scorpion stings you.
You are lethally poisoned!
The scorpion poisons you!
Use which ability? (? or * to list)
You can't do that.
Use which ability? (? or * to list)
A red film seems to cover your vision as you go berserk!
You feel yourself moving faster!
You feel mighty!
You feel somewhat more hungry.
You feel sick. The scorpion stings you!
* * * LOW HITPOINT WARNING * * *
You are more poisoned.
The scorpion poisons you!
You are too injured to fight recklessly!
You are too injured to fight recklessly!
You are too injured to fight recklessly!
You closely miss the scorpion. You bite the scorpion. You drain its power.
You feel invigorated.
The scorpion is heavily wounded.
You die...

####.#.#.#.# #..........#
###.#.#.#.# #..#########
#.......#.# #..# #.#.#.###.#
#.)# #.#.....#.# #..#
##.###.#.#.# #..#
...........# #..#
##.###.#.#####..#########
........>.......@s.......
...##..#.#####..#########
.####..#.#####..# .##
#...........######## ..#
#...................
#.###.##.#.#####P..P..P######
......#........P..P♣≈....P..#
#..##.##.#.##.♣..≈≈♣≈≈...P#.#
......##.#.#...♣♣♣≈≈≈≈P.P##.#


You could see a scorpion.

Vanquished Creatures
  A giant cockroach (D:1)
  A hobgoblin (D:1)
  3 goblins (D:1)
  4 kobolds (D:1)
  A rat (D:1)
10 creatures vanquished.

Notes
Turn   | Place    | Note
--------------------------------------------------------------
     0 | D:1      | Kashira, the Vine Stalker Berserker, began the quest for the Orb.
     0 | D:1      | Reached XP level 1. HP: 11/11 MP: 1/1
   376 | D:1      | Reached skill level 3 in Axes
   388 | D:1      | Reached XP level 2. HP: 16/16 MP: 3/3
   779 | D:1      | Noticed a scorpion
   790 | D:1      | Succumbed to a scorpion's poison

Action                   || total
-------------------------++-------
Melee: Hand axe          ||    24
Invok: Berserk           ||     1
